 Dungeon Crawl Stone Soup version 0.27.1-2-g3b301248ec (webtiles) character file.

Game seed: 20760205965396974

202 Borgoz the Skirmisher (level 5, -1/34 HPs)
             Began as a Gargoyle Berserker on Sept 22, 2021.
             Was a Priest of Trog.
             Frozen to death by an endoplasm (5 damage)
             ... in a sewer.
             The game lasted 00:04:10 (4404 turns).

Borgoz the Skirmisher (Gargoyle Berserker)          Turns: 4404, Time: 00:04:11

Health: -1/34      AC:  7    Str: 21    XL:     5   Next: 80%
Magic:  5/5        EV: 12    Int:  7    God:    Trog [***...]
Gold:   76         SH:  0    Dex: 10    Spells: 4/4 levels left

rFire    . . .     SeeInvis .   s - +0 morningstar
rCold    . . .     Faith    +   (no shield)
rNeg     + . .     Spirit   .   b - +0 animal skin
rPois    ∞         Reflect  .   (no helmet)
rElec    +         Harm     .   (no cloak)
rCorr    .         Rampage  .   (no gloves)
Will     .....                  k - +0 pair of boots
Stlth    +.........             c - amulet of faith
HPRegen  0.11/turn              (no ring)
MPRegen  0.09/turn              (no ring)

@: on berserk cooldown, slowed, very slow
A: sickness immunity, AC +4, negative energy resistance 1, electricity
resistance, torment resistance 1, petrification resistance
a: Renounce Religion, Berserk, Trog's Hand


You were in a sewer.
You worshipped Trog.
Trog was most pleased with you.
You visited 1 branch of the dungeon, and saw 4 of its levels.
You also visited: Sewer.

You collected 76 gold pieces.

Inventory:

Hand Weapons
 o - a +0 flail
 s - a +0 morningstar (weapon)
Armour
 b - a +0 animal skin (worn)
 k - a +0 pair of boots (worn)
Jewellery
 c - an amulet of faith (around neck)
 i - a ring of fire
Wands
 q - a wand of charming (4)
 u - a wand of flame (15)
Scrolls
 d - 4 scrolls of identify {unknown}
 e - 2 scrolls of vulnerability {unknown}
 f - a scroll of magic mapping {unknown}
 g - a scroll of immolation {unknown}
 h - 2 scrolls of blinking {unknown}
 j - a scroll of enchant weapon {unknown}
 r - 2 scrolls of fear {unknown}
 v - a scroll of summoning {unknown}
Potions
 a - 2 potions of invisibility {unknown}
 l - a potion of flight {unknown}
 m - a potion of resistance {unknown}
 n - 2 potions of curing {unknown}
 p - a potion of cancellation {unknown}
 t - a potion of lignification {unknown}


   Skills:
 + Level 4.4 Fighting
 + Level 4.1 Maces & Flails
 + Level 3.6 Armour
 + Level 2.6 Dodging


You had 4 spell levels left.
You didn't know any spells.
Your spell library was empty.

Dungeon Overview and Level Annotations

Branches:
Dungeon (4/15)              Sewer (1/1)
 Temple: D:4-7

Altars:
Kikubaaqudgha
Qazlal
Wu Jian
Xom
Yredelemnul


Innate Abilities, Weirdness & Mutations

You are immune to sickness and miasma.
Your stone body is resilient. (AC +4)
You are immune to poison.
You resist negative energy. (rN+)
You are resistant to electric shocks. (rElec)
You are resistant to unholy torment.
You are immune to petrification.


Message History

Your unstable footing causes you to fumble your attack.
The river rat bites you.
* * * LOW HITPOINT WARNING * * *
A red film seems to cover your vision as you go berserk!
You feel yourself moving faster!
You feel mighty! The river rat misses you.
You closely miss the river rat.
The river rat is severely wounded.
The river rat misses you.
Your unstable footing causes you to fumble your attack.
The river rat bites you.
* * * LOW HITPOINT WARNING * * *
You hit the river rat.
The river rat is severely wounded.
The river rat bites you but does no damage.
You barely miss the river rat.
The river rat is severely wounded.
The river rat bites you.
* * * LOW HITPOINT WARNING * * *
You closely miss the river rat.
The river rat is severely wounded.
The river rat closely misses you.
You barely miss the river rat.
The river rat is severely wounded.
Your unstable footing causes you to fumble your attack.
The river rat barely misses you.
You puncture the river rat!
You kill the river rat!
Trog accepts your kill.
Your unstable footing causes you to fumble your attack.
You hit the rat.
You kill the rat!
Trog accepts your kill.
Your unstable footing causes you to fumble your attack.
You are no longer berserk.
You are exhausted.
You feel yourself slow down.
You barely miss the endoplasm. The endoplasm completely misses you.
The endoplasm freezes you.
You are frozen.
You die...

#≈# ##≈## ##### #
##...## ##≈.≈##
#####..≈..####.≈...#
≈≈≈≈≈≈....≈≈≈≈.≈..≈#
#####..≈..####≈....#
# ##≈≈.## ##...##
##≈## ##≈## #≈# #@#
#≈# #J# #≈# #≈# #≈#
#≈# .≈ ≈≈. ..≈ ..≈
..≈..


You could see an endoplasm.

Vanquished Creatures
  A hound skeleton (D:4)
  3 gnolls (D:2)
  2 adders
  4 river rats
  A worm (D:3)
  An orc (D:3)
  5 endoplasms
  10 giant cockroaches
  9 goblins
  14 hobgoblins
  11 jackals
  7 kobolds
  6 quokkas
  2 ball pythons
  9 bats
  A frilled lizard (D:1)
  4 rats
90 creatures vanquished.

Notes
Turn   | Place    | Note
-------+----------+-------------------------------------------
     0 | D:1      | Borgoz the Gargoyle Berserker began the quest for the Orb.
     0 | D:1      | Reached XP level 1. HP: 14/14 MP: 1/1
   555 | D:1      | Reached XP level 2. HP: 10/19 MP: 2/2
  1266 | D:1      | Reached XP level 3. HP: 23/23 MP: 3/3
  1292 | D:1      | Reached ** piety under Trog
  1343 | D:1      | Found a faded altar of an unknown god.
  1893 | D:2      | Reached XP level 4. HP: 25/29 MP: 4/4
  2009 | D:2      | Found an ornate altar of the Wu Jian Council.
  2967 | D:3      | Found a basalt altar of Yredelemnul.
  2973 | D:3      | Found an ancient bone altar of Kikubaaqudgha.
  3127 | D:3      | Reached XP level 5. HP: 26/33 MP: 5/5
  3128 | D:3      | Reached *** piety under Trog
  3725 | D:3      | Found a shimmering altar of Xom.
  3726 | D:3      | Found a stormy altar of Qazlal.
  4116 | D:4      | Found a glowing drain.
  4121 | Sewer    | Entered a sewer
  4404 | Sewer    | Frozen to death by an endoplasm

Illustrated notes

Levels and vault maps discovered:
D:1:      dpeg_arrival_castle, layout_basic,
          shapermc_ecumenical_altar_mp_urbaneastern
D:2:      layout_loops_ring, basic_altar, corexii_shack, minmay_quadrilaterals
D:3:      layout_loops_ring, nicolae_overflow_hidden_temple,
          minmay_misc_feat_columns, fountainhead, serial_park_tiny_pond
D:4:      layout_rooms, gup_sewer_entry_spiral, hangedman_abyss_or_decor_passed
Sewer:    sewer_co_15_rooms

Skill      XL: |  1  2  3  4  5 |
---------------+----------------+-----
Dodging        | 2 |  2.6
Armour         | 3 |  3.6
Fighting       | 4 |  4.4
Maces & Flails | 4 |  4.1

Action                   |  1- 3 |  4- 6 || total
-------------------------+-------+-------++-------
Melee: Mace              |   124 |    37 ||   161
       Flail             |       |    87 ||    87
       Morningstar       |       |   107 ||   107
Invok: Berserk           |     2 |     5 ||     7
       Trog's Hand       |       |     4 ||     4
Armor: Animal skin       |    57 |    80 ||   137
Dodge: Dodged            |   121 |   150 ||   271
